 Dungeon Crawl Stone Soup version 0.22.0-49-gab54619 (webtiles) character file.

14731 Folque the Destroyer (level 11, -31/75 HPs)
             Began as a Demonspawn Wizard on Sept 4, 2018.
             Was an Elder of Sif Muna.
             Killed from afar by Azrael (43 damage)
             ... with damnation
             ... on level 12 of the Dungeon.
             The game lasted 01:32:21 (12767 turns).

Folque the Destroyer (Demonspawn Wizard)           Turns: 12767, Time: 01:32:22

Health: -31/75     AC: 17    Str:  8    XL:     11   Next: 92%
Magic:  39/40      EV: 13    Int: 27    God:    Sif Muna [****..]
Gold:   709        SH:  0    Dex: 19    Spells: 0/24 levels left

rFire    . . .     SeeInvis .   F - +5 battleaxe of Ciezukym {chop, rPois MP+9 Dex+7}
rCold    . . .     Gourm    .   (shield currently unavailable)
rNeg     . . .     Faith    .   C - +3 leather armour {MR+}
rPois    +         Spirit   .   S - +3 hat of Pondering {ponderous, MR+ MP+10 Int+5}
rElec    .         Reflect  .   O - +2 cloak
rCorr    .         Harm     .   (no gloves)
MR       ++...                  B - +1 pair of boots
Stlth    ++........             (no amulet)
HPRegen  0.22/turn              (no ring)
MPRegen  0.27/turn              (no ring)

@: about to teleport, slow
A: talons 1, yellow scales 1, demonic guardian 1, rot immunity
a: Divine Energy, Channel Magic, Forget Spell, Renounce Religion


You were on level 12 of the Dungeon.
You worshipped Sif Muna.
Sif Muna was greatly pleased with you.
You were very hungry.

You visited 2 branches of the dungeon, and saw 13 of its levels.

You collected 709 gold pieces.

Inventory:

Hand Weapons
 F - the +5 battleaxe of Ciezukym (weapon) {chop, rPois MP+9 Dex+7}
   (You found it on level 5 of the Dungeon)

   It inflicts extra damage upon your enemies.
   It affects your dexterity (+7).
   It protects you from poison.
   It affects your magic capacity (+9).
Missiles
 i - 5 silver javelins (quivered)
 X - 5 throwing nets
Armour
 a - a +0 robe
 b - a +0 hat
 g - a +2 buckler
 B - a +1 pair of boots (worn)
 C - a +3 leather armour of magic resistance (worn)
 J - a +3 leather armour of fire resistance
 K - a +0 leather armour of magic resistance
 O - a +2 cloak (worn)
 S - the +3 hat of Pondering (worn) {ponderous, MR+ MP+10 Int+5}
   (You took it off Gastronok on level 8 of the Dungeon)

   It affects your intelligence (+5).
   It affects your resistance to hostile enchantments.
   It affects your magic capacity (+10).
 V - a -1 robe
Magical Staves
 R - an uncursed staff of energy
Jewellery
 N - an uncursed ring of poison resistance
Wands
 z - a wand of enslavement (32)
 I - a wand of flame (37)
 M - a wand of random effects (11)
 Q - a wand of clouds (13)
 T - a wand of disintegration (3)
 U - a wand of polymorph (20)
 Y - a wand of iceblast (4)
Scrolls
 f - 5 scrolls of remove curse
 m - a scroll of fog {unknown}
 n - a scroll of enchant weapon {unknown}
 p - a scroll of vulnerability {unknown}
 q - a scroll of magic mapping
 s - 4 scrolls of noise {unknown}
 t - 2 scrolls of fear {unknown}
 G - a scroll of immolation {unknown}
 W - a scroll of silence {unknown}
Potions
 h - 2 potions of cancellation {unknown}
 j - 6 potions of brilliance
 k - 2 potions of degeneration
 o - a potion of resistance
 r - 3 potions of mutation
 w - 4 potions of curing
 A - 2 potions of berserk rage
 D - a potion of invisibility {unknown}
 E - 2 potions of lignification {unknown}
 H - 3 potions of haste {unknown}
 P - a potion of ambrosia {unknown}
Miscellaneous
 Z - a crystal ball of energy
Comestibles
 c - 2 chunks of flesh
 d - 34 rations


   Skills:
 - Level 3.1 Fighting
 - Level 5.1 Axes
 - Level 8.0 Armour
 - Level 3.1 Dodging
 - Level 1.7 Stealth
 - Level 1.6 Shields
 * Level 7.1 Spellcasting
 - Level 9.0 Conjurations
 - Level 4.1 Hexes
 - Level 7.2 Summonings
 - Level 3.1 Translocations
 - Level 2.4 Fire Magic
 - Level 1.1 Air Magic
 - Level 2.3 Earth Magic
 - Level 2.0 Poison Magic
 - Level 4.1 Invocations


You couldn't memorise any spells.
You knew the following spells:

 Your Spells              Type           Power        Failure   Level  Hunger
a - Venom Bolt            Conj/Pois      #####.....   22%         5    #####..
b - Call Imp              Summ           #####...     1%          2    None
c - Blink                 Tloc           N/A          3%          2    None
d - Mephitic Cloud        Conj/Pois/Air  ####....     4%          3    None
e - Conjure Flame         Conj/Fire      #####...     2%          3    None
g - Leda's Liquefaction   Hex/Erth       ####......   21%         4    ##.....
h - Summon Forest         Summ/Tloc      #####.....   24%         5    #####..

Your spell library contained the following spells:

 Spells                   Type           Power        Failure   Level  Hunger
 Apportation              Tloc           ####..       1%          1    None
 Corona                   Hex            ####...      1%          1    None
 Magic Dart               Conj           ####         1%          1    None
 Slow                     Hex            ####....     2%          2    None
 Portal Projectile        Hex/Tloc       ####..       4%          3    None
 Inner Flame              Hex/Fire       ####....     6%          3    None
 Force Lance              Conj/Tloc      #####...     6%          4    ##.....
 Cause Fear               Hex            ####......   14%         4    ##.....
 Bolt of Magma            Conj/Fire/Erth ####......   32%         5    #####..
 Iskenderun's Battlesphe  Conj/Chrm      ####....     32%         5    #####..
 Iron Shot                Conj/Erth      #####.....   75%         6    ######.
 Orb of Destruction       Conj           ######....   85%         7    #######
 Excruciating Wounds      Chrm/Necr      #.........   91%         5    #####..
 Spellforged Servitor     Conj/Summ      ######....   93%         7    #######
 Monstrous Menagerie      Summ           #####.....   97%         7    #######
 Summon Greater Demon     Summ           #####.....   97%         7    #######
 Malign Gateway           Summ/Tloc      #####.....   100%        7    #######
 Summon Horrible Things   Summ           #####.....   100%        8    #######


Dungeon Overview and Level Annotations

Branches:
Dungeon (12/15)            Temple (1/1) D:7            Lair (0/6) D:9
    Orc (0/2) D:12

Altars:
Ashenzari
Cheibriados
Dithmenos
Elyvilon
Fedhas
Gozag
Hepliaklqana
Kikubaaqudgha
Makhleb
Nemelex Xobeh
Okawaru
Qazlal
Ru
Sif Muna
Trog
Uskayaw
Vehumet
Wu Jian
Xom
Yredelemnul
Zin
The Shining One

Shops:
D:9 }   D:12 [%=*

Annotations:
D:9 exclusion: statue
D:12 Azrael, Snorg


Innate Abilities, Weirdness & Mutations

You have sharp toenails.
You are partially covered in yellow scales. (AC +2)
A weak demonic guardian rushes to your aid.
You are immune to rotting.


Message History

You see here a yak corpse.
You butcher the yak corpse.
c - 2 chunks of flesh You see here 17 gold pieces.
You now have 709 gold pieces (gained 17).
Azrael gestures at you. The bolt of fire hits your quasit.
Your quasit resists.
Your quasit dies!
The bolt of fire hits you!
* * * LOW HITPOINT WARNING * * *
You feel better.
Your white imp gestures at Azrael.
The puff of frost hits Azrael.
Azrael is frozen!
As you read the scroll of teleportation, it crumbles to dust.
You feel strangely unstable. Azrael gestures at you.
The sphere of damnation explodes!
The damnation engulfs you!
Ouch! That really hurt!
You die...

#.....§..##.##E..)YE..∩...
#..[.)Eh.# .(....h..#.#.♣
#......§.#####....)......#
####'#..§§.......#########
#....E§)...$..#
###.$)R.......#
#)..∩.>.....#
####...........#
#.....5@.......#
#..............#
#.........###..# ###
#.........###... ...
#.>...........## ###
#.........#####
#.........# #.........#
###########


You could see Azrael, 2 fire elementals, a hell hound and a friendly white imp.

Vanquished Creatures
  Harold (D:11)
  A hydra (D:7)
  2 two-headed ogres
  A deep elf mage (D:12)
  Pikel (D:7)
  A cyclops (D:11)
  Joseph (D:8)
  A gargoyle (D:11)
  3 trolls
  A shadow (D:11)
  A yak (D:12)
  5 wraiths
  2 fire bats (D:10)
  Edmund (D:6)
  2 water moccasins
  7 orc warriors
  2 sky beasts
  A hell hound (D:12)
  An ice beast (D:8)
  2 necrophages (D:11)
  2 ogres
  8 centaurs
  A crocodile (D:11)
  8 bullfrogs
  A wyvern skeleton (D:10)
  A scorpion (D:5)
  7 killer bees
  5 wights (D:9)
  4 howler monkeys (D:10)
  5 crimson imps
  2 bullfrog zombies
  A centaur zombie (D:7)
  6 orc priests
  A hound (D:9)
  2 jellies
  Crazy Yiuf (D:6)
  3 bullfrog skeletons
  2 iguanas
  3 centaur skeletons
  Ijyb (D:5)
  15 orc wizards
  7 worker ants
  A hound zombie (D:9)
  4 gnolls
  3 adders
  2 shadow imps
  An adder zombie (D:6)
  3 oozes
  A dart slug (D:1)
  7 leopard geckos
  47 orcs
  6 giant cockroaches
  4 goblins
  6 hobgoblins
  13 jackals
  8 quokkas
  A ball python (D:4)
  16 bats
  A frilled lizard (D:2)
  3 jackal skeletons
  12 kobolds
  A leopard gecko zombie (D:9)
  10 rats
  2 bushes (D:7)
  2 fungi (D:9)
277 creatures vanquished.

Vanquished Creatures (collateral kills)
  Gastronok (D:8)
  Nessos (D:12)
  A two-headed ogre (D:9)
  A flayed ghost (D:10)
  3 trolls
  A hippogriff (D:11)
  2 yaks (D:12)
  A wraith (D:10)
  An orc warrior (D:12)
  2 ogres
  A crocodile (D:7)
  A big kobold (D:9)
  A bullfrog (D:8)
  A hound (D:4)
  2 bullfrog skeletons
  2 orc wizards
  3 gnolls (D:3)
  7 adders
  2 leopard geckos
  10 orcs
  3 giant cockroaches
  3 jackals
  2 goblins
  3 kobolds
55 creatures vanquished.

Vanquished Creatures (others)
  A centaur skeleton (D:12)
  2 yaks (D:12)
  A sky beast (D:7)
  A slave (D:7)
  A killer bee (D:7)
  2 jellies (D:7)
  2 orcs
  3 bushes (D:7)
  A snaplasher vine (D:12)
14 creatures vanquished.

Grand Total: 346 creatures vanquished

Notes
Turn   | Place    | Note
-------+----------+-------------------------------------------
     0 | D:1      | Folque the Demonspawn Wizard began the quest for the Orb.
     0 | D:1      | Reached XP level 1. HP: 13/13 MP: 4/4
   259 | D:1      | Reached skill level 1 in Fighting
   433 | D:1      | Gained mutation: A weak demonic guardian rushes to your
                  | aid. [demonic ancestry]
   433 | D:1      | Reached XP level 2. HP: 7/21 MP: 0/6
   437 | D:1      | Learned a level 2 spell: Call Imp
   440 | D:1      | Learned a level 2 spell: Blink
  1360 | D:2      | Reached XP level 3. HP: 15/27 MP: 5/7
  1368 | D:2      | Learned a level 3 spell: Mephitic Cloud
  1656 | D:2      | You fall through a shaft!
  1828 | D:2      | Reached skill level 1 in Poison Magic
  2409 | D:2      | Gained mutation: You are immune to rotting. [demonic
                  | ancestry]
  2409 | D:2      | Reached XP level 4. HP: 33/33 MP: 9/9
  2805 | D:3      | Reached skill level 2 in Conjurations
  3096 | D:3      | Reached skill level 1 in Air Magic
  3701 | D:4      | Reached XP level 5. HP: 38/38 MP: 10/10
  3811 | D:4      | Learned a level 3 spell: Conjure Flame
  3833 | D:4      | Found a sparkling altar of Nemelex Xobeh.
  3834 | D:4      | Found an opulent altar of Gozag.
  3943 | D:4      | Noticed an ogre
  3958 | D:4      | Killed an ogre
  3958 | D:4      | Reached skill level 3 in Conjurations
  4638 | D:5      | Entered Level 5 of the Dungeon
  4638 | D:5      | Noticed Ijyb
  4639 | D:5      | Found a hazy altar of Hepliaklqana.
  4639 | D:5      | Found a stormy altar of Qazlal.
  4657 | D:5      | Gained mutation: You are partially covered in yellow
                  | scales. (AC +2) [demonic ancestry]
  4657 | D:5      | Reached XP level 6. HP: 23/44 MP: 5/12
  4853 | D:5      | Reached skill level 1 in Shields
  4949 | D:5      | Got a faintly glowing battleaxe
  5004 | D:5      | Identified the +5 battleaxe of Ciezukym {chop, rPois MP+9
                  | Dex+7} (You found it on level 5 of the Dungeon)
  5013 | D:5      | Found a deep blue altar of Sif Muna.
  5061 | D:5      | Found a shadowy altar of Dithmenos.
  5074 | D:5      | Became a worshipper of Sif Muna the Loreminder
  5366 | D:5      | Reached skill level 4 in Conjurations
  5411 | D:5      | Killed Ijyb
  5549 | D:5      | Noticed a sky beast
  5559 | D:5      | Killed a sky beast
  5559 | D:5      | Reached XP level 7. HP: 51/51 MP: 13/13
  5776 | D:6      | Reached skill level 5 in Conjurations
  5894 | D:6      | Reached skill level 5 in Spellcasting
  5912 | D:6      | Reached skill level 1 in Armour
  6005 | D:6      | Found a runed door.
  6009 | D:6      | Noticed Crazy Yiuf
  6018 | D:6      | Killed Crazy Yiuf
  6068 | D:6      | Reached XP level 8. HP: 47/58 MP: 15/15
  6183 | D:6      | Noticed Edmund
  6193 | D:6      | Killed Edmund
  6193 | D:6      | Reached * piety under Sif Muna
  6254 | D:7      | Reached skill level 6 in Conjurations
  6255 | D:7      | Noticed an eight-headed hydra
  6500 | D:7      | Noticed Pikel
  6513 | D:7      | Killed Pikel
  6513 | D:7      | Reached skill level 5 in Armour
  6525 | D:7      | Reached skill level 7 in Conjurations
  6758 | D:7      | Gained mutation: You have sharp toenails. [demonic
                  | ancestry]
  6758 | D:7      | Reached XP level 9. HP: 41/63 MP: 16/16
  6808 | D:7      | Killed an eight-headed hydra
  6808 | D:7      | Reached ** piety under Sif Muna
  6813 | D:7      | Reached skill level 1 in Translocations
  6858 | D:7      | Found a staircase to the Ecumenical Temple.
  6886 | Temple   | Entered the Ecumenical Temple
  7345 | D:7      | Found a shimmering altar of Xom.
  7347 | D:7      | Found a basalt altar of Yredelemnul.
  7347 | D:7      | Found a deep blue altar of Sif Muna.
  7349 | D:7      | Found a blossoming altar of Fedhas.
  7349 | D:7      | Found a shattered altar of Ashenzari.
  7349 | D:7      | Found a glowing golden altar of the Shining One.
  7678 | D:8      | Noticed a two-headed ogre
  7686 | D:8      | Killed a two-headed ogre
  7686 | D:8      | Reached skill level 8 in Conjurations
  7705 | D:8      | Reached XP level 10. HP: 39/70 MP: 8/18
  7861 | D:8      | Reached skill level 1 in Axes
  8049 | D:8      | Noticed Gastronok
  8076 | D:8      | Killed Gastronok
  8076 | D:8      | Reached *** piety under Sif Muna
  8134 | D:8      | Found a blossoming altar of Fedhas.
  8155 | D:8      | Found a snail-covered altar of Cheibriados.
  8187 | D:8      | Noticed Joseph
  8209 | D:8      | Killed Joseph
  8613 | D:8      | Found a burning altar of Makhleb.
  8613 | D:8      | Noticed an Executioner
  8616 | D:8      | Noticed an orange demon
  8652 | D:9      | Found Zihajeim's Gadget Shop.
  8659 | D:9      | Noticed a two-headed ogre
  8669 | D:9      | Reached skill level 9 in Conjurations
  8679 | D:9      | Reached skill level 1 in Invocations
  8685 | D:9      | Killed a two-headed ogre
  8685 | D:9      | Reached skill level 1 in Fire Magic
  9409 | D:9      | Found a radiant altar of Vehumet.
  9417 | D:9      | Found a staircase to the Lair.
  9436 | D:9      | Learned a level 3 spell: Inner Flame
  9575 | D:10     | Entered Level 10 of the Dungeon
  9632 | D:10     | Reached skill level 5 in Axes
  9947 | D:10     | Found a runed door.
  9956 | D:10     | Noticed a flayed ghost
  9964 | D:10     | Killed a flayed ghost
  9964 | D:10     | Reached skill level 1 in Hexes
  9964 | D:10     | Reached XP level 11. HP: 65/75 MP: 20/20
  9976 | D:10     | Found a shimmering altar of Xom.
 10131 | D:10     | Found a glowing golden altar of the Shining One.
 10148 | D:10     | Found a burning altar of Makhleb.
 10179 | D:10     | Reached skill level 5 in Summonings
 10321 | D:10     | Found a bloodstained altar of Trog.
 10359 | D:10     | Reached **** piety under Sif Muna
 10370 | D:10     | Found a burning altar of Makhleb.
 10397 | D:10     | Found a shadowy altar of Dithmenos.
 10844 | D:11     | Noticed Harold
 10876 | D:11     | Killed Harold
 11002 | D:11     | Learned a level 4 spell: Leda's Liquefaction
 11637 | D:11     | Reached skill level 1 in Earth Magic
 12013 | D:12     | Reached ***** piety under Sif Muna
 12120 | D:12     | Found Modymoej's Armour Shoppe.
 12120 | D:12     | Found a staircase to the Orcish Mines.
 12120 | D:12     | Noticed Azrael
 12190 | D:12     | Identified Sif Muna's Almanac of Spatial Good Luck (Sif
                  | Muna gifted it to you on level 12 of the Dungeon)
 12190 | D:12     | Received a gift from Sif Muna
 12257 | D:12     | Found Cesmejoh's Jewellery Shoppe.
 12286 | D:12     | Found Wufiotha's Assorted Antiques.
 12305 | D:12     | Noticed Nessos
 12349 | D:12     | Killed Nessos
 12374 | D:12     | Noticed a two-headed ogre
 12379 | D:12     | Noticed a deep elf mage
 12390 | D:12     | Killed a deep elf mage
 12413 | D:12     | Killed a two-headed ogre
 12420 | D:12     | Learned a level 5 spell: Summon Forest
 12626 | D:12     | Found Xoyturi's Food Shop.
 12703 | D:12     | Noticed Snorg
 12756 | D:12     | Learned a level 5 spell: Venom Bolt
 12765 | D:12     | HP: 3/75 [Azrael/bolt of fire (22)]
 12767 | D:12     | Killed from afar by Azrael

Skill      XL: |  1  2  3  4  5  6  7  8  9 10 11 |
---------------+----------------------------------+-----
Fighting       | 1 2 3 |  3.1
Poison Magic   | 1 2 |  2.0
Conjurations   | 2 3 4 5 7 8 9 |  9.0
Air Magic      | 1 |  1.1
Spellcasting   | 4 5 6 7 |  7.1
Shields        | 1 |  1.6
Summonings     | 2 4 7 |  7.2
Armour         | 1 5 7 8 |  8.0
Translocations | 2 3 |  3.1
Dodging        | 3 |  3.1
Axes           | 5 |  5.1
Invocations    | 4 |  4.1
Fire Magic     | 2 |  2.4
Hexes          | 1 4 |  4.1
Earth Magic    | 2 |  2.3
Stealth        | |  1.7

Action                   |  1- 3 |  4- 6 |  7- 9 | 10-12 || total
-------------------------+-------+-------+-------+-------++-------
Melee: Unarmed           |    11 |       |       |       ||    11
       Club              |    98 |       |       |       ||    98
       Long sword        |     1 |    59 |       |       ||    60
       Falchion          |       |    62 |       |       ||    62
       Battleaxe         |       |    17 |   131 |   282 ||   430
Throw: Javelin           |       |       |       |     1 ||     1
 Cast: Magic Dart        |    62 |    30 |    46 |   275 ||   413
       Call Imp          |     7 |    14 |     6 |    18 ||    45
       Mephitic Cloud    |       |    12 |    21 |    47 ||    80
       Conjure Flame     |       |       |     9 |    20 ||    29
       Blink             |       |       |     1 |     4 ||     5
       Inner Flame       |       |       |       |     2 ||     2
       Summon Forest     |       |       |       |     2 ||     2
       Leda's Liquefacti |       |       |       |     1 ||     1
Invok: Forget Spell      |       |       |       |     1 ||     1
Evoke: Wand              |       |       |       |     6 ||     6
  Use: Scroll            |       |     2 |     1 |    16 ||    19
       Potion            |       |       |       |     1 ||     1
 Stab: Sleeping          |       |     5 |     1 |     5 ||    11
       Confused          |       |     2 |     6 |    23 ||    31
       Distracted        |       |       |       |     3 ||     3
  Eat: Chunk             |     5 |    11 |     8 |    14 ||    38
       Ration            |       |       |       |     1 ||     1
Armor: Robe              |    34 |    17 |    29 |       ||    80
       Leather armour    |       |       |    23 |   129 ||   152
Dodge: Dodged            |   119 |   113 |    78 |   227 ||   537
       Rpst.: Long sword |       |    16 |       |       ||    16
       Falchion          |       |    19 |       |       ||    19
